 Dungeon Crawl Stone Soup version 0.28.0-53-g5a82cb258f (webtiles) character file.

Game seed: 10638877220659971697

23 Peloso the Shield-Bearer (level 2, -1/27 HPs)
             Began as a Minotaur Fighter on May 25, 2022.
             Slain by Terence
             ... wielding a +0 trident
              (6 damage)
             ... on level 2 of the Dungeon.
             The game lasted 00:01:19 (1242 turns).

Peloso the Shield-Bearer (Minotaur Fighter)         Turns: 1242, Time: 00:01:20

Health: -1/27      AC:  7    Str: 20    XL:     2   Next: 72%
Magic:  1/1        EV:  9    Int:  5    God:
Gold:   45         SH:  4    Dex:  9    Spells: 1/1 levels left

rFire   . . .      SeeInvis .   a - +0 long sword
rCold   . . .      Faith    .   c - +0 buckler
rNeg    . . .      Spirit   .   b - +0 scale mail
rPois   .          Reflect  .   (helmet restricted)
rElec   .          Harm     .   (no cloak)
rCorr   .          Rampage  .   (no gloves)
Will    .....                   (no boots)
Stlth   ..........              (no amulet)
HPRegen 0.09/turn               (no ring)
MPRegen 0.07/turn               (no ring)

@: no status effects
A: horns 2, retaliatory headbutt
a: no special abilities


You were on level 2 of the Dungeon.
You visited 1 branch of the dungeon, and saw 2 of its levels.

You collected 45 gold pieces.

Inventory:

Hand Weapons
 a - a +0 long sword (weapon)
Armour
 b - a +0 scale mail (worn)
 c - a +0 buckler (worn)
Jewellery
 e - a ring of poison resistance
 h - a ring of see invisible
Scrolls
 f - a scroll of enchant armour {unknown}
 g - 2 scrolls of identify {unknown}
 j - a scroll of fog {unknown}
 k - 2 scrolls of vulnerability {unknown}
Potions
 d - a potion of might
 i - a potion of curing {unknown}


   Skills:
 + Level 3.9 Fighting
 + Level 2.8 Long Blades
 + Level 4.0 Armour
 + Level 4.0 Shields


You had one spell level left.
You didn't know any spells.
Your spell library was empty.

Dungeon Overview and Level Annotations

Branches:
Dungeon (2/15)

Altars:

Shops:
D:1 (

Annotations:
D:2 Terence


Innate Abilities, Weirdness & Mutations

You have a pair of horns on your head.
You reflexively headbutt those who attack you in melee.


Message History

You see here a +0 flail.
There is a faded altar of an unknown god here.
You see here a frilled lizard corpse.
Terence the Incautious comes into view.
He is wielding a +0 trident, wearing a +4 scale mail of cold resistance and carrying a wand of digging (6).
Terence shouts!
Terence drinks a potion.
Terence seems to speed up.
You block Terence's attack. Terence closely misses you.
Terence barely misses you.
You slash Terence! Your headbutt misses Terence.
Terence is heavily wounded.
Terence closely misses you. You block Terence's attack.
You hit Terence but do no damage.
Terence is heavily wounded.
You block Terence's attack. Terence completely misses you.
You closely miss Terence.
Terence is heavily wounded.
Terence hits you with a +0 trident. Terence says, "How do you enjoy it?"
You block Terence's attack.
You hit Terence but do no damage.
Terence is heavily wounded.
Terence barely misses you. Terence hits you but does no damage.
You closely miss Terence.
Terence is heavily wounded.
Terence hits you with a +0 trident! Terence misses you.
You hit Terence but do no damage. You headbutt Terence!
Terence is almost dead.
Terence hits you with a +0 trident.
* * * LOW HITPOINT WARNING * * *
You block Terence's attack.
You hit Terence but do no damage.
Terence is almost dead.
Terence hits you with a +0 trident.
* * * LOW HITPOINT WARNING * * *
Terence hits you with a +0 trident.
* * * LOW HITPOINT WARNING * * *
You hit Terence but do no damage. Your headbutt misses Terence.
Terence is almost dead.
Terence hits you with a +0 trident.
You die...

########## #. #........# #. ##
#.....[..# #. .. ### #........#
#.#.## #.. #........# #.... ...
#.. ###........# #...# #.# #..
...........# #.@.# #.# #..
###........# #.@.# #.# #.. #
###....#.# #...# # # #.# #.. #
##.###†# #...# #.##.#.# ### #
#8.8##.# #...###.#..#.###### #
##.###.# #.>................ #
#8_8##.# #...###.#..#.###### #
##.###.# #...##.......###### #
#8.8##.####..................
######.###.#....#.##.......######


You could see Terence (fast).

Vanquished Creatures
  A worm (D:2)
  3 endoplasms (D:1)
  A giant cockroach (D:2)
  A goblin (D:2)
  2 hobgoblins (D:1)
  A kobold (D:2)
  3 quokkas
  A ball python (D:1)
  4 frilled lizards
  A rat (D:1)
18 creatures vanquished.

Notes
Turn   | Place    | Note
-------+----------+-------------------------------------------
     0 | D:1      | Peloso the Minotaur Fighter began the quest for the Orb.
     0 | D:1      | Reached XP level 1. HP: 19/19 MP: 0/0
   308 | D:1      | Found Fizos's Antique Weapon Boutique.
   395 | D:1      | Reached XP level 2. HP: 23/27 MP: 1/1
  1179 | D:2      | Found a faded altar of an unknown god.
  1230 | D:2      | Noticed Terence
  1242 | D:2      | Slain by Terence

Illustrated notes

Levels and vault maps discovered:
D:1:      dpeg_arrival_connections, layout_basic, serial_shops,
          nicolae_shop_crystal, fountainhead
D:2:      layout_basic, ebering_ecumenical_altar_hall,
          minmay_misc_feat_more_columns, mrwooster_statue_mirror,
          grunt_decor_one_mirror, solitary_fountain, uniq_terence,
          uniq_crazy_yiuf_cottage

Skill      XL: |  1  2 |
---------------+-------+-----
Armour         | 4 |  4.0
Shields        | 4 |  4.0
Fighting       | |  3.9
Long Blades    | |  2.8

Action                   || total
-------------------------++-------
Melee: Long sword        ||    50
       Headbutt          ||     5
Armor: Scale mail        ||    12
Dodge: Dodged            ||    25
Block: Buckler           ||    12
